 Dungeon Sprint DCSS version 0.21.0-25-ge575cb9 (webtiles) character file.

24500000 doot the Conqueror (level 27, -2/248 (249) HPs)
             Began as a Formicid Chaos Knight on Jan 26, 2018.
             Was the Champion of Makhleb.
             Slain by a bag of meat
             ... wielding a +9 war axe
              (25 damage)
             ... in the Dungeon (Sprint VIII: "Arena of Blood").
             The game lasted 00:04:35 (245 turns).

doot the Conqueror (Formicid Chaos Knight)           Turns: 245, Time: 00:04:37

HP:   -2/248 (249)  AC:  8    Str: 20    XL:     27
MP:   54/54         EV: 34    Int: 13    God:    Makhleb [******]
Gold: 0             SH:  0    Dex: 19    Spells: 80/80 levels left

rFire    + . .     SeeInvis +   i - +∞ Axe of Woe
rCold    . . .     Gourm    .   (no shield)
rNeg     . . .     Faith    .   a - +2 leather armour
rPois    .         Spirit   .   (helmet unavailable)
rElec    .         Reflect  .   (no cloak)
rCorr    .         Harm     .   (no gloves)
MR       ++...                  (no boots)
Stlth    +++++++++.             (no amulet)
HPRegen  0.00/turn              j - ring of protection from fire
MPRegen  0.34/turn              (no ring)

@: non-regenerating, mildly diseased
A: permanent stasis, dig shafts and tunnels, four strong arms, antennae 3
a: Dig, Minor Destruction, Lesser Servant of Makhleb, Major Destruction, Greater
Servant of Makhleb, Renounce Religion


You were in the Dungeon.
You worshipped Makhleb.
Makhleb was exalted by your worship.
You were not hungry.

You visited 1 branch

Inventory:

Hand Weapons
 i - the +∞ Axe of Woe (weapon)
   (You found it in the Dungeon)
Armour
 a - a +2 leather armour (worn)
Jewellery
 j - a ring of protection from fire (left hand)
Scrolls
 h - a scroll of blinking
Potions
 c - a potion of curing
 d - a potion of heal wounds
 e - a potion of haste
 f - 2 potions of magic
 g - a potion of berserk rage
Comestibles
 b - a ration


   Skills:
 O Level 27 Fighting
 O Level 27 Axes
 O Level 27 Throwing
 O Level 27 Armour
 O Level 27 Dodging
 O Level 27 Stealth
 O Level 27 Unarmed Combat
 O Level 27 Spellcasting
 O Level 27 Invocations


You had 80 spell levels left.
You didn't know any spells.

Dungeon Overview and Level Annotations

Branches:
Dungeon (1/1)

Altars:
Makhleb

Annotations:
D The Captor, The Defiler


Innate Abilities, Weirdness & Mutations

You cannot be hasted, slowed, berserked, paralysed or teleported.
You can dig through walls and to a lower floor.
Your four strong arms can wield two-handed weapons with a shield.
You have a pair of large antennae on your head. (SInv)


Message History

The eight-headed meat hydra calls on the powers of darkness!
The eight-headed meat hydra convulses!
The fleshlord convulses!
The large bag of meat convulses!
The eight-headed meat hydra convulses!
The meat berserker convulses! x3; The fleshlord convulses! x2
The bag of meat convulses! x2; The fleshlord convulses!
The bag of meat convulses!
The Captor convulses!
The bag of meat convulses!
The fleshlord convulses!
The meat berserker convulses!
The bag of meat convulses! x2; The fleshlord convulses!
The meat berserker convulses!
The Defiler convulses!
The meat berserker convulses!
The fleshlord convulses!
The meat berserker convulses!
The fleshlord convulses!
The bag of meat convulses! x2; Your body is wracked with pain!
* * * LOW HITPOINT WARNING * * *
The large bag of meat convulses!
The fleshlord gestures wildly while chanting.
The fleshlord seems to speed up.
The tyrant mumbles some strange words.
The tyrant seems to speed up.
The bag of meat hits you with a +9 war axe!!
You die...

#{{{)#o..........
#.WDp2OG......#..
##zWDzO#O....#....
##)WpOpoo###.......
#)#oopW@##....#....
#W#oopO#.....{{.#..
##)#2LMp#MOo........
#).#p@.LOVWz...{oo..
##V@ooOpWpO{........
#.#OpOpLOo.........


#.9#WVoppOo. #...... ##.#WLpoODz #.#.. ##.o.GOWoV #..###§z ..o . ... You could
see 2 accurseds, 2 meat beasts, 4 tyrants, 3 eight-headed meat hydras, 4
destroyers, an observer (invisible), 14 fleshlords, 4 sculptors of flesh, 2
large bags of meat, The Defiler, 5 wretched souls, 5 dreads, a vile, The Captor,
13 meat berserkers and 15 bags of meat.

Vanquished Creatures
  A hell knight (D)
  5 vampire knights (D)
  21 ogres (D)
  5 two-headed ogres (D)
  47 orcs (D)
  A small abomination (D)
80 creatures vanquished.

Notes
Turn   | Place    | Note
-------+----------+-------------------------------------------
     0 | D        | Found the +∞ Axe of Woe
     0 | D        | doot the Formicid Chaos Knight began the quest for the Orb.
     0 | D        | Reached XP level 1. HP: 18/18 MP: 1/1
     3 | D        | Noticed a bag of meat
     3 | D        | Noticed a bag of meat
     4 | D        | Killed a bag of meat
     4 | D        | Reached XP level 2. HP: 51/51 MP: 2/2
     4 | D        | Reached XP level 3. HP: 58/58 MP: 3/3
     4 | D        | Reached XP level 4. HP: 65/65 MP: 4/4
     4 | D        | Reached XP level 5. HP: 72/72 MP: 5/5
     4 | D        | Reached XP level 6. HP: 79/79 MP: 6/6
     4 | D        | Reached XP level 7. HP: 85/85 MP: 7/7
     4 | D        | Reached XP level 8. HP: 93/93 MP: 8/8
     4 | D        | Reached XP level 9. HP: 99/99 MP: 9/9
     4 | D        | Reached XP level 10. HP: 107/107 MP: 10/10
     4 | D        | Reached XP level 11. HP: 113/113 MP: 11/11
     4 | D        | Reached XP level 12. HP: 120/120 MP: 12/12
     5 | D        | Noticed a bag of meat
     5 | D        | Noticed a bag of meat
     5 | D        | Fell from the grace of Xom
     5 | D        | Became a worshipper of Makhleb the Destroyer
     6 | D        | Noticed a bag of meat
     7 | D        | Noticed a bag of meat
     8 | D        | Noticed a bag of meat
     8 | D        | Noticed a meat berserker
     9 | D        | Noticed a bag of meat
     9 | D        | Noticed a meat berserker
     9 | D        | Killed a bag of meat
     9 | D        | Reached skill level 5 in Axes
     9 | D        | Reached XP level 13. HP: 123/133 MP: 13/13
    10 | D        | Noticed a bag of meat
    10 | D        | Killed a bag of meat
    10 | D        | Reached * piety under Makhleb
    10 | D        | Reached XP level 14. HP: 61/145 MP: 14/14
    10 | D        | Killed a meat berserker
    10 | D        | Reached XP level 15. HP: 67/158 MP: 15/15
    11 | D        | Noticed a meat berserker
    11 | D        | Reached skill level 27 in Fighting
    11 | D        | Reached XP level 16. HP: 71/167 MP: 16/16
    11 | D        | Reached ** piety under Makhleb
    11 | D        | Reached skill level 5 in Dodging
    11 | D        | Reached skill level 27 in Unarmed Combat
    11 | D        | Killed a meat berserker
    11 | D        | Reached XP level 17. HP: 154/174 MP: 17/17
    12 | D        | Noticed a meat berserker
    12 | D        | Noticed a meat berserker
    13 | D        | Noticed a meat berserker
    15 | D        | Noticed a meat berserker
    16 | D        | Noticed a meat berserker
    16 | D        | Noticed a meat berserker
    16 | D        | Noticed a meat berserker
    17 | D        | Noticed a large bag of meat
    17 | D        | Noticed a large bag of meat
    17 | D        | Noticed a meat berserker
    17 | D        | Noticed a meat berserker
    19 | D        | Noticed a meat berserker
    19 | D        | Noticed a meat berserker
    19 | D        | Noticed a meat berserker
    19 | D        | Killed a meat berserker
    19 | D        | Reached XP level 18. HP: 129/182 MP: 18/18
    19 | D        | Killed a meat berserker
    19 | D        | Reached *** piety under Makhleb
    19 | D        | Reached skill level 27 in Armour
    19 | D        | Reached skill level 10 in Dodging
    19 | D        | Reached skill level 27 in Axes
    19 | D        | Killed a meat berserker
    19 | D        | Reached XP level 19. HP: 186/189 MP: 19/19
    20 | D        | Noticed a meat berserker
    21 | D        | Noticed a meat berserker
    21 | D        | Killed a meat berserker
    21 | D        | Reached **** piety under Makhleb
    21 | D        | Reached XP level 20. HP: 65/197 MP: 20/20
    21 | D        | Killed a meat berserker
    21 | D        | Reached skill level 27 in Dodging
    21 | D        | Killed a meat berserker
    21 | D        | Reached XP level 21. HP: 143/204 MP: 20/38
    21 | D        | Reached skill level 15 in Throwing
    21 | D        | Reached skill level 15 in Spellcasting
    21 | D        | Reached ***** piety under Makhleb
    22 | D        | Noticed a destroyer
    23 | D        | Killed a meat berserker
    23 | D        | Reached XP level 22. HP: 212/212 MP: 20/46
    23 | D        | Killed a meat berserker
    23 | D        | Reached skill level 27 in Stealth
    23 | D        | Reached skill level 27 in Invocations
    23 | D        | Killed a meat berserker
    23 | D        | Reached XP level 23. HP: 219/219 MP: 20/53
    25 | D        | Noticed a destroyer
    25 | D        | Noticed a large bag of meat
    27 | D        | Reached skill level 27 in Throwing
    27 | D        | Reached skill level 27 in Spellcasting
    27 | D        | Reached ****** piety under Makhleb
    27 | D        | Reached XP level 24. HP: 203/227 MP: 21/54
    28 | D        | Noticed a destroyer
    28 | D        | Noticed a large bag of meat
    28 | D        | Noticed a destroyer
    29 | D        | Reached XP level 25. HP: 234/234 MP: 22/54
    30 | D        | Noticed a destroyer
    31 | D        | Killed a destroyer
    31 | D        | Reached XP level 26. HP: 242/242 MP: 22/54
    31 | D        | Killed a destroyer
    33 | D        | Noticed a large bag of meat
    34 | D        | Reached XP level 27. HP: 74/249 MP: 23/54
    34 | D        | Killed a destroyer
    37 | D        | Killed a destroyer
    41 | D        | Noticed a large bag of meat
    42 | D        | Killed a large bag of meat
    43 | D        | Noticed a destroyer
    43 | D        | Killed a large bag of meat
    43 | D        | Killed a destroyer
    54 | D        | Killed a large bag of meat
    59 | D        | Killed a large bag of meat
    66 | D        | Killed a large bag of meat
   213 | D        | XOM: mild Necr miscast
   228 | D        | Noticed a fleshlord
   228 | D        | Killed a fleshlord
   245 | D        | Noticed a dread
   245 | D        | Noticed a vile
   245 | D        | Noticed a tyrant
   245 | D        | Noticed a large bag of meat
   245 | D        | Noticed a dread
   245 | D        | Noticed a destroyer
   245 | D        | Noticed an accursed
   245 | D        | Noticed a destroyer
   245 | D        | Noticed a tyrant
   245 | D        | Noticed The Captor
   245 | D        | Noticed a meat beast
   245 | D        | Noticed a tyrant
   245 | D        | Noticed an accursed
   245 | D        | Noticed The Defiler
   245 | D        | Noticed a tyrant
   245 | D        | Noticed a dread
   245 | D        | Noticed a fleshlord
   245 | D        | Noticed a fleshlord
   245 | D        | Noticed a fleshlord
   245 | D        | Noticed a fleshlord
   245 | D        | Noticed a fleshlord
   245 | D        | Noticed a fleshlord
   245 | D        | Noticed a fleshlord
   245 | D        | Noticed a fleshlord
   245 | D        | Noticed a fleshlord
   245 | D        | Noticed a fleshlord
   245 | D        | Noticed a dread
   245 | D        | Noticed a fleshlord
   245 | D        | Noticed a fleshlord
   245 | D        | Noticed a dread
   245 | D        | Noticed a fleshlord
   245 | D        | Noticed a fleshlord
   245 | D        | Slain by a bag of meat

Skill      XL: |  1  2  3  4  5  6  7  8  9 10 11 12 13 14 15 16 17 18 19 20 21 22 23 |
---------------+----------------------------------------------------------------------+-----
Fighting       | 19 22 24 26 27 | 27.0
Axes           | 4 5 7 9 11 18 22 27 | 27.0
Armour         | 11 13 14 16 17 22 25 27 | 27.0
Dodging        | 2 3 4 8 9 21 26 27 | 27.0
Unarmed Combat | 18 20 22 24 26 27 | 27.0
Throwing       | 13 20 26 27 | 27.0
Stealth        | 17 25 27 | 27.0
Spellcasting   | 13 20 26 27 | 27.0
Invocations    | 16 23 27 | 27.0

Action                   |  1- 3 |  4- 6 |  7- 9 | 10-12 | 13-15 | 16-18 | 19-21 | 22-24 | 25-27 || total
-------------------------+-------+-------+-------+-------+-------+-------+-------+-------+-------++-------
Melee: Executioner's axe |     1 |       |       |     1 |     2 |     1 |     2 |     2 |    26 ||    35
 Abil: Dig               |       |       |       |     1 |       |       |     1 |     2 |     7 ||    11
Armor: Leather armour    |       |       |       |       |       |       |       |       |     1 ||     1
Dodge: Dodged            |       |       |       |       |     1 |       |     2 |     1 |     4 ||     8
